 Dungeon Crawl Stone Soup version 0.27.0-1-g7a089689b8 (webtiles) character file.

Game seed: 9760710306758147058

315 kalagan the Conjurer (level 6, -1/32 HPs)
             Began as a Deep Elf Conjurer on Aug 15, 2021.
             Succumbed to a scorpion's poison
             ... on level 3 of the Dungeon.
             The game lasted 00:07:05 (3268 turns).

kalagan the Conjurer (Deep Elf Conjurer)            Turns: 3268, Time: 00:07:05

Health: -1/32      AC:  5    Str:  6    XL:     6   Next: 19%
Magic:  5/15       EV: 13    Int: 23    God:
Gold:   79         SH:  0    Dex: 13    Spells: 5/15 levels left

rFire    . . .     SeeInvis .   m - +2 dagger (speed)
rCold    . . .     Faith    .   (no shield)
rNeg     . . .     Spirit   .   a - +0 robe
rPois    .         Reflect  .   (no helmet)
rElec    .         Harm     .   e - +2 cloak
rCorr    .         Rampage  .   (no gloves)
Will     .....                  (no boots)
Stlth    ++........             (no amulet)
HPRegen  0.10/turn              (no ring)
MPRegen  0.14/turn              (no ring)

@: lethally poisoned (-1 -> -20), attractive
A: no striking features
a: no special abilities


You were on level 3 of the Dungeon.
You visited 1 branch of the dungeon, and saw 3 of its levels.

You collected 79 gold pieces.

Inventory:

Hand Weapons
 m - a +2 dagger of speed (weapon)
Missiles
 c - 27 poisoned darts
Armour
 a - a +0 robe (worn)
 e - a +2 cloak (worn)
Wands
 l - a wand of digging (5)
Scrolls
 d - a scroll of fog {unknown}
 g - 2 scrolls of teleportation {unknown}
 h - a scroll of identify {unknown}
 i - 2 scrolls of summoning {unknown}
 k - a scroll of magic mapping {unknown}
 n - a scroll of fear {unknown}
 o - a scroll of amnesia {unknown}
Potions
 b - a potion of ambrosia {unknown}
 f - 2 potions of attraction
 j - a potion of flight {unknown}


   Skills:
 + Level 3.6 Dodging
 + Level 3.8 Stealth
 * Level 5.3 Spellcasting
 * Level 5.6 Conjurations
 * Level 3.1 Hexes


You had 5 spell levels left.
You knew the following spells:

 Your Spells              Type           Power      Damage    Failure   Level
a - Magic Dart            Conj           100%       1d8       1%          1
b - Searing Ray           Conj           64%        3d5       1%          2
c - Dazzling Flash        Conj/Hex       52%        N/A       4%          3
d - Fulminant Prism       Conj/Hex       13%        3d9       14%         4

Your spell library contained the following spells:

 Spells                   Type           Power      Damage    Failure   Level
 Mephitic Cloud           Conj/Pois/Air  14%        N/A       13%         3
 Ignite Poison            Fire/Tmut/Pois 6%         N/A       28%         3
 Iskenderun's Mystic Bla  Conj/Tloc      19%        2d6       28%         4
 Bolt of Magma            Conj/Fire/Erth 7%         4d6       75%         5


Dungeon Overview and Level Annotations

Branches:
Dungeon (3/15)

Altars:
Fedhas
Nemelex Xobeh
Vehumet


Message History

The magic dart hits the scorpion.
The scorpion is heavily wounded.
The scorpion stings you.
You are poisoned.
The scorpion poisons you!
The magic dart hits the scorpion!
The scorpion is almost dead.
You feel very sick. The scorpion stings you.
You are lethally poisoned!
The scorpion poisons you!
The magic dart hits the scorpion.
The scorpion is almost dead.
You feel very sick. The scorpion stings you.
You are more poisoned.
The scorpion poisons you!
You are too injured to fight recklessly!
Unknown command.
Casting: Magic Dart (safe; 1% risk of failure)
Confirm with . or Enter, or press ? or * to list all spells.
Aiming: Searing Ray (safe; 1% risk of failure)
Press: ? - help, Shift-Dir - straight line, f/p - scorpion
Aim: a scorpion (almost dead, 79% to hit)
The searing ray hits the scorpion.
You kill the scorpion! (Press . to maintain the ray.)
* * * LOW HITPOINT WARNING * * *
You feel extremely sick.
Your Hexes skill increases to level 3!
You have reached level 6!
Your experience leads to an increase in your attributes!
Increase (S)trength, (I)ntelligence, or (D)exterity?
You feel stronger.
Unknown command.
* * * LOW HITPOINT WARNING * * *
You feel very sick.
It was a potion of attraction.
You feel attractive to monsters.
You die...

..... #.#.# #.#.##
## #.... . # #.#.#
.# .###.#.#.##.#
............#
........@.#
#...##.#..# #
#..#..# ..#.##..#
#######
.........###.....#
.#...............#
######.#.##.....#
#.#.##.....#
#.#.##.....#


There were no monsters in sight!

Vanquished Creatures
  A scorpion (D:3)
  A centaur skeleton (D:3)
  A hound (D:3)
  An adder (D:2)
  10 gnolls (D:3)
  2 dart slugs (D:3)
  9 orcs (D:3)
  3 endoplasms
  4 giant cockroaches
  3 goblins
  4 hobgoblins (D:1)
  13 jackals (D:3)
  4 kobolds
  A quokka (D:1)
  8 ball pythons
  5 bats
  4 frilled lizards
  5 rats
79 creatures vanquished.

Notes
Turn   | Place    | Note
-------+----------+-------------------------------------------
     0 | D:1      | kalagan the Deep Elf Conjurer began the quest for the Orb.
     0 | D:1      | Reached XP level 1. HP: 10/10 MP: 6/6
   154 | D:1      | Reached XP level 2. HP: 15/15 MP: 2/8
   287 | D:1      | Learned a level 2 spell: Searing Ray
   392 | D:1      | Found a faded altar of an unknown god.
  1168 | D:2      | Reached XP level 3. HP: 14/19 MP: 5/10
  1172 | D:2      | Learned a level 3 spell: Dazzling Flash
  2103 | D:3      | Reached skill level 5 in Conjurations
  2171 | D:3      | Reached skill level 1 in Hexes
  2171 | D:3      | Reached XP level 4. HP: 19/24 MP: 9/12
  2587 | D:3      | Reached XP level 5. HP: 28/28 MP: 9/13
  2592 | D:3      | Learned a level 4 spell: Fulminant Prism
  2828 | D:3      | Reached skill level 5 in Spellcasting
  3129 | D:3      | Found a sparkling altar of Nemelex Xobeh.
  3129 | D:3      | Found a radiant altar of Vehumet.
  3129 | D:3      | Found a blossoming altar of Fedhas.
  3267 | D:3      | Reached XP level 6. HP: 7/32 MP: 5/15
  3268 | D:3      | Succumbed to a scorpion's poison

Illustrated notes

Levels and vault maps discovered:
D:1:      scummos_arrival_gate, layout_loops_ring,
          hellmonk_ecumenical_altar_zigzags
D:2:      layout_basic
D:3:      lemuel_castle_with_subvaults [lemuel_castle_interior_carwin_2],
          layout_loops_cross, gammafunk_temple_overflow_forgotten,
          minmay_distorted

Skill      XL: |  1  2  3  4  5 |
---------------+----------------+-----
Spellcasting   | 4 5 |  5.3
Conjurations   | 5 |  5.6
Dodging        | 3 |  3.6
Stealth        | 3 |  3.8
Hexes          | 1 2 3 |  3.1

Action                   |  1- 3 |  4- 6 || total
-------------------------+-------+-------++-------
Melee: Dagger            |     8 |    22 ||    30
Throw: Dart              |    15 |     9 ||    24
 Cast: Magic Dart        |    72 |   106 ||   178
       Searing Ray       |       |     3 ||     3
  Use: Potion            |       |     1 ||     1
Armor: Robe              |     4 |     8 ||    12
Dodge: Dodged            |    13 |    24 ||    37
